AoeStats
← TioAldi17

Arabia

509776867Analyzed
2v2 RM · 6d ago on Sep 28, 2026· 56m 53s· 4 players
Game mode
Random Map
Map size
Medium (4 player)
Population
200
Speed
Normal
Resources
Standard
Victory
Conquest
Starting age
Dark Age
Ending age
Imperial Age
RankedLock teamsTeams togetherTeam positionsShared explorationLock speedFull tech treeHidden civsTurbo modeCheats
Victory
Defeat
🇨🇱 Byzantines · Chile
1319
+15
🇨🇱 Koreans · Chile
1318
+15
🇧🇪 Varangians · Belgium
1299
-15
🇫🇷 Ethiopians · France
1293
-15
Sun
3:06 Loom
9:59 Feudal Age
11:35 Bloodlines
12:04 Horse Collar
18:00 Double-Bit Axe
19:39 Scale Barding Armor
20:27 Forging
25:45 Castle Age
24:40 Gold Mining
26:42 Husbandry
27:06 Chain Barding Armor
27:22 Iron Casting
29:39 Light Cavalry
33:02 Fletching
35:33 Ballistics
35:31 Padded Archer Armor
36:52 Bodkin Arrow
38:44 Wheelbarrow
38:38 Leather Archer Armor
38:23 Town Watch
42:48 Imperial Age
40:58 Town Patrol
41:14 Hand Cart
41:33 Bow Saw
42:39 Hand Cart
43:34 Bracer
44:05 Ring Archer Armor
46:09 Blast Furnace
45:53 Stone Mining
47:10 Conscription
48:00 Two-Man Saw
47:04 Heavy Plow
46:43 Cavalier
55:01 Chemistry
IneedMoney$
6:55 Loom
9:31 Feudal Age
9:44 Man-at-Arms
10:30 Double-Bit Axe
16:29 Scale Barding Armor
17:42 Wheelbarrow
21:30 Castle Age
19:57 Fletching
20:08 Padded Archer Armor
20:39 Forging
20:17 Horse Collar
22:12 Gold Mining
21:59 Crossbowman
22:45 Bodkin Arrow
24:01 Leather Archer Armor
26:45 Bow Saw
27:17 Thumb Ring
28:02 Hand Cart
29:50 Ballistics
37:21 Imperial Age
35:19 Scale Mail Armor
35:21 Squires
35:07 Arson
36:53 Heavy Plow
37:33 Gold Shaft Mining
38:22 Bracer
38:53 Ring Archer Armor
38:16 Capped Ram
40:23 Chemistry
38:49 Arbalester
41:39 Chain Mail Armor
42:00 Iron Casting
41:57 Siege Ram
43:40 Light Cavalry
47:58 Chain Barding Armor
48:39 Blast Furnace
48:10 Plate Mail Armor
49:04 Two-Man Saw
47:55 Stone Mining
52:13 Hussar
53:50 Husbandry
piñaples
7:40 Loom
9:53 Feudal Age
10:52 Double-Bit Axe
13:34 Fletching
19:07 Horse Collar
23:52 Castle Age
22:53 Gold Mining
23:55 Crossbowman
24:31 Bodkin Arrow
25:15 Thumb Ring
26:10 Ballistics
31:03 Husbandry
31:52 Wheelbarrow
32:27 Elite Skirmisher
38:08 Imperial Age
39:49 Chemistry
38:50 Bracer
39:23 Elite Fire Lancer
40:25 Heavy Plow
40:01 Elite War Wagon
41:08 Town Watch
46:36 Conscription
48:12 Hand Cart
53:16 Masonry
53:36 Squires
53:22 Arson
54:06 Scale Mail Armor
54:17 Forging
TioAldi17
7:31 Loom
9:25 Feudal Age
10:19 Double-Bit Axe
14:25 Forging
14:11 Fletching
16:33 Horse Collar
22:53 Castle Age
24:56 Heavy Plow
25:07 Bow Saw
25:43 Wheelbarrow
28:39 Light Cavalry
32:00 Imperial Age
30:03 Scale Barding Armor
31:49 Forging
33:04 Conscription
34:11 Elite Skirmisher
35:43 Husbandry
35:43 Bodkin Arrow
37:00 Chemistry
36:44 Hussar
38:43 Ballistics
40:21 Murder Holes
40:44 Hand Cart
41:00 Bracer
41:00 Padded Archer Armor
43:29 Leather Archer Armor
44:14 Hoardings
46:23 Ring Archer Armor
48:15 Heavy Camel Rider
50:56 Iron Casting
50:41 Chain Barding Armor
50:45 Husbandry
54:34 Plate Barding Armor
Connection lost

Rejoining the realm…

Still unreachable

The connection could not be restored.

Session expired

The server has moved on; the page needs a fresh start.